 Dungeon Crawl Stone Soup version 0.24.0-37-gcf1ca852f1 (webtiles) character file.

Game seed: 2526718678335538654, levelgen mode: deterministic

46620 theswoord the Fighter (level 14, 0/133 HPs)
             Began as a Demonspawn Monk on Nov 29, 2019.
             Was the Champion of Kikubaaqudgha.
             Slain by a dire elephant (27 damage)
             ... on level 6 of the Lair of Beasts.
             The game lasted 00:42:13 (20500 turns).

theswoord the Fighter (Demonspawn Monk)            Turns: 20500, Time: 00:42:13

Health: 0/133      AC: 22    Str: 15    XL:     14   Next: 5%
Magic:  23/23      EV: 11    Int: 11    God:    Kikubaaqudgha [******]
Gold:   1051       SH:  0    Dex: 13    Spells: 13/13 levels left

rFire    + . .     SeeInvis +   g - +4 morningstar (vamp)
rCold    + . .     Gourm    .   (no shield)
rNeg     . . .     Faith    .   r - +2 ring mail "Cororol" {rF+ MR+++ Dex-5 Stlth+}
rPois    .         Spirit   .   (helmet restricted)
rElec    .         Reflect  +   u - +2 cloak
rCorr    .         Harm     .   d - +2 pair of gloves
MR       ++++.                  h - +2 pair of boots
Stlth    +.........             s - +6 amulet of reflection
HPRegen  0.32/turn              n - ring of see invisible
MPRegen  0.18/turn              l - ring of magical power (curse)

@: confused
A: antennae 2, icy blue scales 3, demonic guardian 1, mutation resistance 1,
robust 1, rot immunity
a: Receive Corpses, Torment, Brand Weapon With Pain, Receive Necronomicon,
Renounce Religion


You were on level 6 of the Lair of Beasts.
You worshipped Kikubaaqudgha.
Kikubaaqudgha was exalted by your worship.
You were hungry.

You visited 3 branches of the dungeon, and saw 18 of its levels.
You visited the Abyss 1 time.
You also visited: Sewer.

You collected 1051 gold pieces.

Inventory:

Hand Weapons
 a - a +0 mace
 g - a +4 vampiric morningstar (weapon)
 o - a +6 whip of electrocution
 x - a +0 great mace of draining
 F - the +7 mace "Keimp" {crush, rPois Str-5 Stlth+}
   (You found it on level 5 of the Lair of Beasts)

   It inflicts extra damage upon your enemies.
   It affects your strength (-5).
   It protects you from poison.
   It makes you more stealthy.
Armour
 b - a +0 robe
 d - a +2 pair of gloves (worn)
 e - a +0 chain mail
 h - a +2 pair of boots (worn)
 r - the +2 ring mail "Cororol" (worn) {rF+ MR+++ Dex-5 Stlth+}
   (You found it on level 6 of the Dungeon)

   It affects your dexterity (-5).
   It protects you from fire.
   It affects your resistance to hostile enchantments.
   It makes you more stealthy.
 u - a +2 cloak (worn)
Jewellery
 l - a cursed ring of magical power (right hand)
 n - a ring of see invisible (left hand)
 s - a +6 amulet of reflection (around neck)
 I - a +3 ring of slaying {unknown}
Wands
 i - a wand of paralysis (17)
 w - a wand of acid (2)
 D - a wand of iceblast (12)
Scrolls
 f - a scroll of amnesia
 k - 13 scrolls of remove curse
 q - a scroll of holy word
 v - 6 scrolls of magic mapping
 y - a scroll of immolation
 z - 2 scrolls of blinking
 E - 6 scrolls of identify
 H - a scroll of fear
 K - a scroll of enchant armour
Potions
 j - 4 potions of flight
 m - 3 potions of curing
 t - a potion of cancellation
 A - 3 potions of lignification
 B - a potion of heal wounds
Comestibles
 c - 18 rations


   Skills:
 - Level 14.8 Fighting
 + Level 14.8 Maces & Flails
 - Level 7.9 Armour
 - Level 2.6 Dodging
 - Level 1.7 Stealth
 - Level 7.0 Necromancy


You had 13 spell levels left.
You didn't know any spells.
Your spell library contained the following spells:

 Spells                   Type           Power        Failure   Level  Hunger
 Animate Skeleton         Necr           N/A          3%          1    ##.....
 Pain                     Necr           ###.         3%          1    ##.....
 Corpse Rot               Necr           N/A          5%          2    ###....
 Sublimation of Blood     Necr           ###.......   5%          2    ###....
 Vampiric Draining        Necr           ###.......   11%         3    ####...
 Animate Dead             Necr           N/A          34%         4    #####..
 Regeneration             Chrm/Necr      #.........   41%         3    ####...
 Magic Dart               Conj           #...         52%         1    ##.....
 Blink                    Tloc           N/A          67%         2    ###....
 Call Imp                 Summ           #.......     67%         2    ###....
 Poisonous Vapours        Pois/Air       #.....       67%         2    ###....
 Slow                     Hex            #.......     67%         2    ###....
 Dispel Undead            Necr           ###.....     67%         5    ######.
 Conjure Flame            Conj/Fire      #.......     88%         3    ####...
 Mephitic Cloud           Conj/Pois/Air  #.......     88%         3    ####...
 Bolt of Draining         Conj/Necr      #.........   99%         5    ######.
 Borgnjor's Vile Clutch   Necr/Erth      #.........   99%         5    ######.
 Bolt of Magma            Conj/Fire/Erth #.........   100%        5    ######.
 Iskenderun's Battlesphe  Conj/Chrm      #.......     100%        5    ######.
 Venom Bolt               Conj/Pois      #.........   100%        5    ######.
 Freezing Cloud           Conj/Ice/Air   #.........   100%        6    #######
 Iron Shot                Conj/Erth      #.........   100%        6    #######
 Simulacrum               Ice/Necr       #.........   100%        6    #######
 Orb of Destruction       Conj           #.........   100%        7    #######
 Ring of Flames           Chrm/Fire      #.........   100%        7    #######
 Spellforged Servitor     Conj/Summ      #.........   100%        7    #######


Dungeon Overview and Level Annotations

Branches:
Dungeon (11/15)            Temple (1/1) D:6            Lair (6/6) D:10
 Shoals (0/4) Lair:3       Spider (0/4) Lair:4        Slime (0/5) Lair:5
    Orc (0/2) D:10          Sewer (visited)

Altars:
Ashenzari
Cheibriados
Dithmenos
Elyvilon
Fedhas
Gozag
Hepliaklqana
Kikubaaqudgha
Makhleb
Nemelex Xobeh
Okawaru
Qazlal
Ru
Sif Muna
Trog
Uskayaw
Vehumet
Wu Jian
Xom
Yredelemnul
Zin
The Shining One
Jiyva

Shops:
D:8 %

Annotations:
D:6 1 runed translucent door
D:7 1 runed translucent door, lepoulpe303's ghost, novice MfFi
D:9 3 runed translucent doors
D:11 Urug
Lair:4 Sonja
Lair:5 1 runed translucent door


Innate Abilities, Weirdness & Mutations

You have a pair of antennae on your head.
You are completely covered in icy blue scales. (AC +4, rC+)
A weak demonic guardian rushes to your aid.
You are immune to rotting.
You are somewhat resistant to further mutation.
You are robust. (+10% HP)


Message History

The dire elephant is heavily wounded.
You hit the dire elephant.
You feel better.
The dire elephant is severely wounded.
The dire elephant tramples your shadow imp!
Your shadow imp stumbles backwards!
The dire elephant tramples you.
* * * LOW HITPOINT WARNING * * *
You stumble backwards!
Your shadow imp hits the dire elephant but does no damage.
It was a potion of ambrosia.
You are confused.
You feel invigorated.
The dire elephant tramples your shadow imp!
Your shadow imp stumbles backwards!
Your shadow imp dies!
The dire elephant tramples you.
* * * LOW HITPOINT WARNING * * *
You are shoved backwards!
The dire elephant tramples you!!
You die...
Kikubaaqudgha rasps: "You have failed me!
Welcome... death!"

#.................#.....P##......
.....#..##......##...............
......#..........................
.....###.......##................
....#####.....##..####.#.......##
.....##.###..#.....####.##.....##
....###.#....P.....#..P.##....#.#
....##.#........YY......###...##.
....###...##....@.......##....P##
.<..####.#####...........#....##.
....P########.....P#..P.###...#PP
....PP#####P##........P..#....#..
....................#.#..#......#
...............................##
................................#
.................................
.....................รท...........


You could see 2 dire elephants.

Vanquished Creatures
  Kirke (Lair:6)
  Harold (Lair:2)
  7 hydras
  An anaconda (Lair:6)
  A two-headed ogre (D:9)
  3 death yaks (Lair:5)
  A fire crab (Lair:2)
  Pikel (D:7)
  An ugly thing (D:11)
  2 cyclopes
  3 black mambas
  16 elephants
  A centaur zombie (D:11)
  A merfolk siren (Lair:3)
  The ghost of Klik the Cudgeler, a novice MiFi of Makhleb (D:6)
  A gargoyle (D:9)
  9 spiny frogs
  2 rime drakes (Lair:5)
  6 komodo dragons
  A merfolk (Lair:3)
  2 trolls (D:10)
  A jumping spider (Lair:4)
  3 polar bears
  14 blink frogs
  7 hippogriffs
  7 redbacks (Lair:4)
  Sigmund (D:3)
  19 yaks
  A vampire (D:9)
  3 wyverns
  3 basilisks
  A steam dragon (D:9)
  Menkaure (D:7)
  9 water moccasins
  An orc warrior (D:6)
  6 porcupines
  2 ice beasts
  A sky beast (D:10)
  4 black bears (D:10)
  3 slaves
  3 phantoms
  9 ogres
  25 wolves
  13 crocodiles
  A centaur (D:6)
  A big kobold (Sewer)
  18 bullfrogs
  A gnoll sergeant (D:6)
  3 scorpions
  6 killer bees
  An electric eel (Lair:3)
  2 howler monkeys (D:11)
  4 bullfrog zombies
  3 crimson imps
  2 centaur skeletons
  4 hounds
  2 jellies
  4 orc priests
  3 iguanas (D:10)
  Ijyb (D:3)
  11 orc wizards
  5 worker ants
  A hound skeleton (D:6)
  A howler monkey zombie (D:6)
  A worker ant zombie (D:9)
  16 gnolls
  12 adders
  2 howler monkey skeletons (D:6)
  5 river rats
  A shadow imp (D:6)
  An ooze (D:3)
  An adder zombie (D:6)
  2 adder skeletons
  8 worms
  4 dart slugs
  6 leopard geckos
  31 orcs
  2 ball pythons (D:2)
  6 giant cockroaches
  8 goblins
  6 hobgoblins (D:1)
  16 jackals
  6 quokkas
  5 bats
  4 frilled lizards
  A giant cockroach zombie (D:6)
  13 kobolds
  A quokka skeleton (D:7)
  11 rats
  A plant (Lair:6)
443 creatures vanquished.

Vanquished Creatures (collateral kills)
  2 hydras
  Nergalle (Lair:4)
  3 elephants
  A spiny frog (Lair:3)
  A komodo dragon (Lair:1)
  A black bear (D:10)
  A necrophage (D:6)
  2 wolves (Lair:6)
  2 crocodiles
  2 bullfrogs
  3 killer bees (D:7)
  A jelly (D:9)
  An orc priest (D:3)
  A gnoll (D:6)
  5 orcs
  A jackal (Sewer)
  2 kobolds (Sewer)
  A plant (Lair:6)
31 creatures vanquished.

Vanquished Creatures (others)
  2 humans (Lair:6)
  A sky beast (D:11)
  A shadow imp (D:7)
  2 orcs (D:7)
  8 fungi
  5 plants
  2 starspawn tentacles (Abyss:1)
21 creatures vanquished.

Grand Total: 495 creatures vanquished

Notes
Turn   | Place    | Note
-------+----------+-------------------------------------------
     0 | D:1      | theswoord the Demonspawn Monk began the quest for the Orb.
     0 | D:1      | Reached XP level 1. HP: 18/18 MP: 1/1
   105 | D:1      | Gained mutation: You have a pair of small antennae on your
                  | head. [demonic ancestry]
   105 | D:1      | Reached XP level 2. HP: 19/24 MP: 2/2
   876 | D:2      | Gained mutation: You are partially covered in icy blue
                  | scales. (AC +2) [demonic ancestry]
   876 | D:2      | Reached XP level 3. HP: 29/29 MP: 3/3
  1342 | D:3      | Noticed Ijyb
  1351 | D:3      | Killed Ijyb
  1351 | D:3      | Gained mutation: A weak demonic guardian rushes to your
                  | aid. [demonic ancestry]
  1351 | D:3      | Reached XP level 4. HP: 27/35 MP: 4/4
  1457 | D:3      | Noticed a bullfrog
  1462 | D:3      | Killed a bullfrog
  1462 | D:3      | Reached skill level 5 in Maces & Flails
  1462 | D:3      | Reached XP level 5. HP: 39/41 MP: 5/5
  1853 | D:3      | Noticed Sigmund
  1859 | D:3      | Killed Sigmund
  1859 | D:3      | Reached XP level 6. HP: 43/47 MP: 6/6
  2314 | D:4      | Found a shattered altar of Ashenzari.
  2823 | D:4      | Gained mutation: You are immune to rotting. [demonic
                  | ancestry]
  2823 | D:4      | Reached XP level 7. HP: 49/52 MP: 7/7
  3191 | D:5      | Entered Level 5 of the Dungeon
  3544 | D:5      | Reached XP level 8. HP: 26/58 MP: 8/8
  3584 | D:5      | Found a glowing drain.
  3594 | Sewer    | Entered a sewer
  3839 | Sewer    | Found a glowing silver altar of Zin.
  4218 | D:6      | Reached skill level 10 in Maces & Flails
  4264 | D:6      | Found a staircase to the Ecumenical Temple.
  4284 | Temple   | Entered the Ecumenical Temple
  4529 | Temple   | Became a worshipper of Kikubaaqudgha
  4529 | Temple   | Reached * piety under Kikubaaqudgha
  4529 | Temple   | Identified Kikubaaqudgha's Collected Works on Evil Secrets
                  | (Kikubaaqudgha gifted it to you in the Ecumenical Temple)
  4529 | Temple   | Received a gift from Kikubaaqudgha
  4529 | Temple   | Reached ** piety under Kikubaaqudgha
  4596 | D:6      | Got a translucent ring mail
  4607 | D:6      | Identified the +2 ring mail "Cororol" {rF+ MR+++ Dex-5
                  | Stlth+} (You found it on level 6 of the Dungeon)
  4831 | D:6      | Found a runed translucent door.
  4832 | D:6      | Noticed Klik's ghost (novice MiFi)
  4852 | D:6      | Reached XP level 9. HP: 49/63 MP: 9/9
  5016 | D:6      | Found a runed translucent door.
  5054 | D:6      | Found a burning altar of Makhleb.
  5545 | D:7      | Noticed Pikel
  5605 | D:6      | Killed Klik's ghost
  5902 | D:7      | Reached *** piety under Kikubaaqudgha
  5902 | D:7      | Identified Kikubaaqudgha's Reference Book on Dark Secrets
                  | (Kikubaaqudgha gifted it to you on level 7 of the Dungeon)
  5902 | D:7      | Received a gift from Kikubaaqudgha
  5945 | D:7      | Reached skill level 1 in Necromancy
  6418 | D:7      | Killed Pikel
  6418 | D:7      | Reached skill level 5 in Fighting
  6689 | D:7      | Noticed Menkaure
  6697 | D:7      | Killed Menkaure
  6937 | D:7      | Noticed lepoulpe303's ghost (novice MfFi)
  6938 | D:7      | Found a runed translucent door.
  7008 | D:7      | Found a snail-covered altar of Cheibriados.
  7198 | D:7      | Found a burning altar of Makhleb.
  7287 | D:8      | Gained mutation: You have a pair of antennae on your head.
                  | [demonic ancestry]
  7287 | D:8      | Reached XP level 10. HP: 67/76 MP: 10/10
  7541 | D:8      | Found Nutimn's Food Emporium.
  7614 | D:8      | Noticed a cyclops
  7694 | D:8      | Found a shimmering blue altar of Sif Muna.
  7991 | D:8      | Found a burning altar of Makhleb.
  8030 | D:8      | Killed a cyclops
  8233 | D:8      | Found a shimmering altar of Xom.
  8532 | D:9      | Noticed a gargoyle
  8929 | D:9      | Killed a gargoyle
  8929 | D:9      | Reached skill level 5 in Necromancy
  8980 | D:9      | Noticed a two-headed ogre
  9152 | D:9      | Found a runed translucent gate.
  9152 | D:9      | Found a runed translucent gate.
  9153 | D:9      | Found a runed translucent gate.
  9153 | D:9      | Noticed a white ugly thing
  9153 | D:9      | Noticed a cyan ugly thing
  9155 | D:9      | Noticed a brown ugly thing
  9155 | D:9      | Noticed a red ugly thing
  9157 | D:9      | Noticed a cyan ugly thing
  9158 | D:9      | Noticed a white very ugly thing
  9159 | D:9      | Noticed a glowing orange brain
  9325 | D:9      | Killed a two-headed ogre
  9485 | D:9      | Found a faded altar of an unknown god.
  9485 | D:9      | Found a faded altar of an unknown god.
  9490 | D:9      | Found an ornate altar of the Wu Jian Council.
  9492 | D:9      | Found an iron altar of Okawaru.
  9494 | D:9      | Found a sparkling altar of Nemelex Xobeh.
  9759 | D:9      | Reached **** piety under Kikubaaqudgha
  9872 | D:10     | Entered Level 10 of the Dungeon
  9988 | D:10     | Found a staircase to the Lair.
 10313 | D:10     | Gained mutation: You are mostly covered in icy blue scales.
                  | (AC +3) [demonic ancestry]
 10313 | D:10     | Reached XP level 11. HP: 89/89 MP: 11/11
 10336 | D:10     | Found a staircase to the Orcish Mines.
 10718 | D:11     | Noticed a green ugly thing
 10734 | D:11     | Killed a green ugly thing
 10758 | D:11     | Reached skill level 10 in Fighting
 10758 | D:11     | Reached skill level 1 in Armour
 10770 | D:11     | Noticed Urug
 10982 | Lair:1   | Entered Level 1 of the Lair of Beasts
 11362 | Lair:1   | You fall into a shaft and drop 1 floor!
 11428 | Lair:2   | Noticed Harold
 11429 | Lair:2   | Gained mutation: Armour fits poorly on your strangely
                  | shaped body. [potion of mutation]
 11429 | Lair:2   | Gained mutation: Scrolls take you a little longer to read.
                  | [potion of mutation]
 11429 | Lair:2   | Gained mutation: You expend magic power (3 MP) to
                  | strengthen your wands. [potion of mutation]
 11430 | Lair:2   | Lost mutation: Armour fits poorly on your strangely shaped
                  | body. [potion of mutation]
 11430 | Lair:2   | Lost mutation: Scrolls take you a little longer to read.
                  | [potion of mutation]
 11430 | Lair:2   | Lost mutation: You expend magic power (3 MP) to strengthen
                  | your wands. [potion of mutation]
 11430 | Lair:2   | Gained mutation: You are robust. (+10% HP) [potion of
                  | mutation]
 11430 | Lair:2   | Gained mutation: You are somewhat resistant to further
                  | mutation. [potion of mutation]
 11457 | Lair:2   | Killed Harold
 11982 | Lair:2   | Noticed a fire crab
 11988 | Lair:2   | Killed a fire crab
 12123 | Lair:2   | Reached ***** piety under Kikubaaqudgha
 12710 | Lair:1   | Reached skill level 5 in Armour
 12710 | Lair:1   | Gained mutation: You are completely covered in icy blue
                  | scales. (AC +4, rC+) [demonic ancestry]
 12710 | Lair:1   | Reached XP level 12. HP: 88/112 MP: 12/12
 13996 | Lair:3   | Noticed an eight-headed hydra
 13996 | Lair:3   | Noticed an eight-headed hydra
 14164 | Lair:3   | Noticed an eight-headed hydra
 14175 | Lair:3   | Killed an eight-headed hydra
 14335 | Lair:3   | Killed an eight-headed hydra
 14730 | Lair:3   | Killed an eight-headed hydra
 14949 | Lair:3   | Identified a scroll of acquirement
 15194 | Lair:3   | Found a staircase to the Shoals.
 15442 | Lair:4   | Noticed a four-headed hydra
 15450 | Lair:4   | Killed a four-headed hydra
 15848 | Lair:4   | Noticed Sonja
 15887 | Lair:4   | Reached XP level 13. HP: 98/125 MP: 13/13
 15980 | Lair:4   | Found a hole to the Spider Nest.
 16148 | Lair:4   | Noticed Nergalle
 16164 | Lair:4   | Killed Nergalle
 16235 | Lair:4   | Cast into level 1 of the Abyss (Sonja)
 16235 | Abyss:1  | Found a corrupted altar of Lugonu.
 16299 | Abyss:1  | Noticed a tentacled starspawn
 16309 | Lair:4   | Escaped the Abyss
 16328 | Lair:4   | Found a shattered altar of Ashenzari.
 17124 | Lair:5   | Got a steaming mace
 17125 | Lair:5   | Identified the +7 mace "Keimp" {crush, rPois Str-5 Stlth+}
                  | (You found it on level 5 of the Lair of Beasts)
 17171 | Lair:5   | Found a runed translucent door.
 17172 | Lair:5   | Found a viscous altar of Jiyva.
 17172 | Lair:5   | Noticed an azure jelly
 17174 | Lair:5   | Found a staircase to the Slime Pits.
 17335 | Lair:5   | Reached ****** piety under Kikubaaqudgha
 17672 | Lair:6   | Entered Level 6 of the Lair of Beasts
 19345 | Lair:6   | Noticed Kirke
 19360 | Lair:6   | Killed Kirke
 19748 | Lair:6   | Reached XP level 14. HP: 126/133 MP: 14/14
 20500 | Lair:6   | Slain by a dire elephant

Skill      XL: |  1  2  3  4  5  6  7  8  9 10 11 12 13 |
---------------+----------------------------------------+-----
Maces & Flails | 3 4 5 6 7 9 11 12 14 | 14.8
Necromancy     | 3 6 7 |  7.0
Fighting       | 5 9 12 14 | 14.8
Armour         | 5 7 |  7.9
Dodging        | |  2.6
Stealth        | |  1.7

Action                   |  1- 3 |  4- 6 |  7- 9 | 10-12 | 13-15 || total
-------------------------+-------+-------+-------+-------+-------++-------
Melee: Mace              |   139 |       |       |       |       ||   139
       Whip              |    40 |   126 |   408 |   901 |    90 ||  1565
       Morningstar       |       |       |       |       |   461 ||   461
  Use: Scroll            |       |     3 |    13 |     9 |     6 ||    31
       Potion            |       |     2 |     6 |    11 |     4 ||    23
 Stab: Sleeping          |     1 |       |     3 |    14 |     4 ||    22
       Distracted        |       |       |     1 |     5 |     6 ||    12
  Eat: Chunk             |     2 |     4 |    15 |    24 |    14 ||    59
       Ration            |       |       |       |     1 |       ||     1
Armor: Chain mail        |   156 |    64 |    86 |       |       ||   306
       Robe              |     1 |       |       |       |       ||     1
       Ring mail         |       |       |    87 |   262 |   318 ||   667
Dodge: Dodged            |    46 |    31 |   117 |   258 |   278 ||   730
Block: Other             |       |       |     1 |   173 |   168 ||   342
       Reflection        |       |       |       |     2 |       ||     2

Levels and vault maps discovered:
D:1:      eino_arrival_cavern_c, layout_basic, minmay_ruptured
D:2:      layout_basic, st_stairs_3, minmay_misc_feat_columns
D:3:      layout_loops_ring, first_ration, serial_bayou_pond_d, uniq_ijyb,
          uniq_sigmund
D:4:      layout_loops_cross, evilmike_ruin_ashenzari
D:5:      layout_rooms, lightli_sewer_entry_pipes, minmay_hedge_maze
D:6:      layout_loops_corners, lightli_temple_of_fire,
          minmay_temple_entry_wispy, ebering_ghost_sewer_f, serial_undead,
          serial_undead_d, serial_undead_d, serial_undead_b, serial_undead_e,
          kennysheep_small_circle
D:7:      layout_layer_cave, cheibrodos_worm_habitat, gammafunk_ghost_grave,
          makhleb_heckhound_becter, uniq_menkaure, uniq_pikel
D:8:      layout_basic, marbit_many_paths, lemuel_round_altar, serial_shops,
          shop, basic_altar
D:9:      layout_long_grid, chequers_temple_overflow_minitemple,
          ploomutoo_gammafunk_ghost_potion_laboratory
D:10:     layout_basic, minmay_lair_entry_grove, orc_0_dummy
D:11:     layout_stronghold, uniq_urug, uniq_erica, uniq_gastronok
Temple:   minmay_temple_curvy_branch
Lair:1:   layout_loops_ring
Lair:2:   layout_cave_pods, uniq_harold
Lair:3:   layout_cave_shapes, elwin_shoals_entry_rooms,
          infiniplex_staircase_pool, grunt_megastairs_5
Lair:4:   layout_long_grid, nicolae_spider_entry_tight_spaces, basic_altar,
          grunt_megastairs_3, infiniplex_staircase_pool_2, uniq_sonja,
          uniq_nergalle
Lair:5:   layout_cave_pods, slime_altar_2, beast_lair_carwin_4,
          grunt_megastairs_1
Lair:6:   due_jungle_book, layout_regular_city, grunt_megastairs_2, uniq_kirke
